 Dungeon Crawl Stone Soup version 0.30-a0-55-g90e3122c3a (webtiles) character file.

Game seed: 18135688732143369566

14 AarnesTheHuman the Cudgeller (level 2, -1/29 HPs)
             Began as an Ogre Gladiator on Sept 9, 2022.
             Slain by an adder (3 damage)
             ... on level 2 of the Dungeon.
             The game lasted 00:01:12 (1169 turns).

AarnesTheHuman the Cudgeller (Ogre Gladiator)       Turns: 1169, Time: 00:01:13

Health: -1/29      AC:  3    Str: 17    XL:     2   Next: 41%
Magic:  2/2        EV: 10    Int:  9    God:
Gold:   72         SH:  0    Dex: 10    Spells: 1/1 levels left

rFire   . . .      SeeInvis .    j - +0 dagger
rCold   . . .      Faith    .    (no shield)
rNeg    . . .      Spirit   .    b - +0 robe
rPois   .          Reflect  .    c - +0 hat
rElec   .          Harm     .    (no cloak)
rCorr   .          Rampage  .    (gloves unavailable)
Will    .....                    (boots unavailable)
Stlth   +.........               (no amulet)
HPRegen 0.09/turn                (no ring)
MPRegen 0.08/turn                (no ring)

@: no status effects
A: large, unfitting armour, tough skin 1
a: no special abilities


You were on level 2 of the Dungeon.
You visited 1 branch of the dungeon, and saw 2 of its levels.

You collected 72 gold pieces.

Inventory:

Hand Weapons
 a - a +0 flail
 j - a +0 dagger (weapon)
Missiles
 d - 3 throwing nets
 e - a large rock
 n - 4 boomerangs (quivered)
 p - 6 poisoned darts
 t - 6 stones
Armour
 b - a +0 robe (worn)
 c - a +0 hat (worn)
Jewellery
 s - an amulet of magic regeneration
Wands
 r - a wand of digging (5)
Scrolls
 m - a scroll of identify {unknown}
 o - a scroll of blinking {unknown}
Potions
 f - a potion of flight {unknown}
 g - a potion of invisibility {unknown}
 h - a potion of curing {unknown}
 i - a potion of might {unknown}
 k - a potion of resistance {unknown}
 l - a potion of ambrosia {unknown}
 q - 2 potions of heal wounds {unknown}


   Skills:
 - Level 2.6 Fighting
 + Level 3.4 Maces & Flails
 - Level 2.0 Throwing
 - Level 2.6 Dodging


You had one spell level left.
You didn't know any spells.
Your spell library was empty.

Dungeon Overview and Level Annotations

Branches:
Dungeon (2/15)

Altars:

Shops:
D:1 *


Innate Abilities, Weirdness & Mutations

You are too large for most types of armour.
You have tough skin. (AC +1)


Message History

The adder is severely wounded.
You feel sick. The adder bites you.
You barely miss the adder.
The adder is severely wounded.
You feel sick. The adder barely misses you.
You hit the adder.
The adder is almost dead.
You feel sick.
You are no longer poisoned.
The adder closely misses you.
You completely miss the adder.
The adder is almost dead.
The adder bites you.
You are poisoned.
The adder poisons you! The adder barely misses you.
You miss the adder.
The adder is almost dead.
You feel sick. The adder misses you.
You barely miss the adder.
The adder is almost dead.
You feel sick. The adder misses you.
You miss the adder.
The adder is almost dead.
You feel sick. The adder bites you.
* * * LOW HITPOINT WARNING * * *
The adder bites you.
* * * LOW HITPOINT WARNING * * *
You hit the adder but do no damage.
The adder is almost dead.
You feel sick. The adder bites you.
* * * LOW HITPOINT WARNING * * *
You barely miss the adder.
The adder is almost dead.
You feel sick.
You are no longer poisoned.
The adder closely misses you.
You miss the adder.
The adder is almost dead.
The adder bites you.
You die...

##..#.##
#.######.# #.#.##
#..###.## #.#
#.### #..#. ##.##
##.###.######.##.#
##... #.##
##........##.# #.#
##..#. ##.##
##.###.###.##.#
#.###...##
##.###.## #.#
#.##.# #.#....#
##.#.## #.###.##.#
#...##.# ##.##
#........#
#...##.# #..#
#####@####
#...##.# #...# #S#
#..#.#.# +....#
..# ######......##
#....+ ....
..............
#....# ...#.
#######....###
#...## ##.# .#
##.#.## #>.## ##
.# ##...## ..
#.....# ##...##


You could see an adder.

Vanquished Creatures
  An endoplasm (D:2)
  2 giant cockroaches (D:2)
  2 goblins (D:1)
  A hobgoblin (D:1)
  3 ball pythons
  2 bats
  A frilled lizard (D:1)
12 creatures vanquished.

Notes
Turn   | Place    | Note
-------+----------+-------------------------------------------
     0 | D:1      | AarnesTheHuman the Ogre Gladiator began the quest for the
                  | Orb.
     0 | D:1      | Reached XP level 1. HP: 22/22 MP: 1/1
   226 | D:1      | Reached skill level 3 in Maces & Flails
   283 | D:1      | Found Vuolioq's Assorted Antiques.
   376 | D:1      | Found a faded altar of an unknown god.
   686 | D:2      | Reached XP level 2. HP: 29/29 MP: 2/2
  1169 | D:2      | Slain by an adder

Illustrated notes

Levels and vault maps discovered:
D:1:      minmay_arrival_cross, layout_loops_ring,
          dreamdust_ecumenical_altar_statues, serial_shops, shop
D:2:      layout_loops_corners, kennysheep_potato

Skill      XL: |  1 |
---------------+----+-----
Maces & Flails | 3 |  3.4
Fighting       | |  2.6
Throwing       | |  2.0
Dodging        | |  2.6

Action                   || total
-------------------------++-------
Melee: Flail             ||    24
       Dagger            ||    15
 Stab: Sleeping          ||     1
Armor: Robe              ||    14
Dodge: Dodged            ||    25

Table legend: (Time is in decaauts)
 A = Elapsed time spent in this place.
 B = Non-inter-level travel time spent in this place.
 C = Inter-level travel time spent in this place.
 D = Time resting spent in this place.
 E = Time spent auto-exploring this place.
 F = Levels seen in this place.
 G = Mean time per level.
                   A        B        C        D        E       F      G
               +--------+--------+--------+--------+--------+-----+--------+
         Total |   1174 |   1156 |     18 |      0 |   1023 |   2 |  587.0 |
       Dungeon |   1174 |   1156 |     18 |      0 |   1023 |   2 |  587.0 |
               +--------+--------+--------+--------+--------+-----+--------+

Top non-repeatable levels by time:
     D:1: 683 daAuts
     D:2: 491 daAuts
